Map: Turbo Cruise '84 LE

Players

Serral - Winner!

  • Race: Zerg Zerg
  • League: Grandmaster
  • Spawn Location: 3:00

Elazer

  • Race: Zerg Zerg
  • League: Master
  • Spawn Location: 7:00

Event: HomeStory Cup XIX

VOD

Have the link to the VOD?

Description

Time

  • Played on: June 30, 2019, 8:07 a.m.
  • Length: 5:40

All games in this series

Show
View Real Time Build Order
Export as new Build Order

Serral Zerg - Winner!

Build Orders: Hatch First 

Get SALT Encoding   

  12  0:00  Drone  
  13  0:12  Overlord  
  13  0:17  Drone  
  14  0:30  Drone x2  
  16  0:48  Hatchery  
  15  0:51  Drone  
  15  0:56  Drone  
  17  0:58  Drone  
  18  1:05  Extractor  
  17  1:15  Spawning Pool  
  17  1:18  Drone  
  17  1:21  Drone  
  18  1:28  Drone  
  19  1:39  Drone  
  20  1:52  Drone  
  21  2:01  Queen  
  21  2:02  Queen, Overlord  
  21  2:03  Zergling x2  
  26  2:09  Metabolic Boost  
  26  2:10  Drone  
  26  2:14  Drone  
  28  2:21  Drone  
  30  2:22  Drone  
  30  2:36  Hatchery  
  29  2:40  Drone  
  29  2:41  Drone  
  31  2:46  Overlord  
  31  2:50  Drone  
  32  2:54  Drone  
  32  2:55  Drone  
  34  3:05  Zergling x4  
  36  3:09  Zergling x2  
  36  3:11  Zergling x2  
  36  3:12  Zergling x8  
  42  3:18  Roach Warren  
  41  3:27  Overlord  
  41  3:33  Zergling x2  
  42  3:34  Overlord  
  42  3:39  Zergling x2  
  43  3:44  Overlord  
  41  3:55  Overlord  
  41  4:00  Roach x6  
  52  4:05  Roach  
  52  4:06  Roach  
  56  4:12  Roach x2  
  60  4:18  Roach x2  
  60  4:22  Roach  
  65  4:26  Roach  
  67  4:32  Zergling x8  
  67  4:37  Zergling x2  
  67  4:38  Zergling x4  
  74  4:43  Zergling x4  
  76  4:48  Zergling x4  
  78  4:54  Overlord  
  78  4:57  Zergling x6  
  81  5:07  Ravager  
  79  5:11  Zergling x12, Ravager  
  76  5:17  Zergling x2  
  76  5:18  Zergling x4  
Show
View Real Time Build Order
Export as new Build Order

Elazer Zerg 

Build Orders: Hatch First 

Get SALT Encoding   

  12  0:00  Drone  
  13  0:12  Overlord  
  13  0:17  Drone  
  14  0:30  Drone x2  
  16  0:48  Hatchery  
  15  0:51  Drone  
  15  0:55  Drone  
  17  0:58  Drone  
  18  1:08  Extractor  
  17  1:13  Spawning Pool  
  17  1:17  Drone  
  17  1:21  Drone  
  18  1:27  Drone  
  19  1:38  Drone  
  20  1:49  Drone  
  21  1:59  Overlord  
  21  2:00  Drone, Queen x2  
  26  2:09  Metabolic Boost  
  26  2:10  Drone  
  26  2:12  Drone  
  28  2:21  Drone  
  28  2:22  Drone  
  30  2:32  Zergling x4  
  32  2:39  Hatchery  
  31  2:45  Drone x2  
  31  2:49  Baneling Nest  
  32  2:54  Overlord  
  32  2:56  Drone  
  33  3:05  Drone  
  33  3:06  Drone  
  33  3:07  Drone  
  33  3:12  Queen  
  38  3:13  Drone x2  
  38  3:17  Overlord  
  40  3:22  Drone  
  40  3:23  Zergling x4  
  43  3:32  Zergling x2  
  43  3:33  Baneling x2  
  43  3:35  Zergling x2  
  43  3:36  Zergling x2  
  43  3:39  Queen  
  43  3:40  Zergling x2  
  48  3:42  Zergling x2  
  48  3:46  Zergling x4  
  50  3:51  Overlord  
  50  3:53  Drone x2  
  50  3:54  Drone  
  53  3:57  Baneling  
  53  4:03  Drone x4  
  53  4:06  Overlord  
  57  4:13  Overlord  
  57  4:14  Drone  
  57  4:16  Evolution Chamber  
  57  4:19  Roach Warren  
  56  4:25  Extractor  
  56  4:26  Drone  
  56  4:27  Drone x3  
  56  4:31  Overlord  
  59  4:36  Zergling x8  
  63  4:41  Spine Crawler  
  63  4:42  Spine Crawler  
  63  4:44  Baneling x2  
  63  4:45  Zergling x2  
  62  4:49  Overlord  
  62  4:50  Zergling x6  
  65  5:01  Roach x5  
  65  5:07  Roach x3  
  77  5:10  Roach  
  70  5:15  Zergling x2, Roach x2  
  68  5:21  Zergling x2  
  68  5:22  Zergling x4  
Tags
 
Add a new tag
Caveats
  • Supply blocks, unpowered buildings, or Contaminate may cause inaccurate times.
  • Supply counts are checked every 10 seconds.